Map: Central Protocol

Players

Sziky - Winner!

  • Race: Zerg Zerg
  • League: Master

tresdglasses

  • Race: Zerg Zerg
  • League: Diamond

VOD

Have the link to the VOD?

Description

Time

  • Played on: Nov. 14, 2015, 9:13 a.m.
  • Length: 11:00
Show
View Real Time Build Order
Export as new Build Order

Sziky Zerg - Winner!

Build Orders: Hatch First 

Get SALT Encoding   

  12  0:01  Drone  
  13  0:08  Drone  
  14  0:17  Overlord  
  14  0:36  Drone x3  
  17  0:54  Hatchery  
  17  0:56  Drone  
  17  0:59  Drone  
  18  1:13  Spawning Pool  
  18  1:15  Extractor  
  18  1:17  Drone  
  17  1:22  Drone  
  18  1:30  Overlord  
  18  1:59  Zergling x4  
  18  2:00  Queen  
  22  2:05  Zergling x2  
  22  2:06  Queen  
  22  2:07  Drone  
  26  2:13  Drone  
  26  2:15  Metabolic Boost  
  27  2:18  Drone  
  28  2:24  Drone  
  28  2:28  Drone  
  30  2:36  Drone  
  31  2:38  Drone  
  31  2:41  Queen  
  34  2:45  Drone  
  35  2:52  Drone  
  35  2:55  Lair  
  36  2:59  Overlord  
  36  3:11  Spine Crawler  
  35  3:15  Baneling Nest  
  35  3:18  Drone x3  
  37  3:22  Zergling x4  
  37  3:23  Zergling x2  
  40  3:29  Extractor  
  40  3:33  Zergling x4  
  41  3:35  Drone x2  
  43  3:43  Zergling x2  
  43  3:45  Overlord  
  44  3:58  Baneling x2  
  42  4:04  Zergling x8  
  42  4:09  Zergling x6  
  38  4:17  Zergling x4  
  41  4:24  Zergling x4  
  41  4:26  Zergling x2  
  41  4:28  Baneling  
  41  4:31  Drone x2  
  44  4:36  Spire  
  43  4:42  Drone x2  
  45  4:46  Drone  
  45  4:50  Baneling  
  45  4:51  Baneling x2  
  45  5:03  Drone x3  
  48  5:08  Drone x2  
  48  5:10  Drone  
  48  5:12  Overlord  
  51  5:18  Extractor  
  50  5:22  Baneling x3  
  50  5:25  Overlord  
  50  5:30  Baneling  
  50  5:31  Baneling x4  
  50  5:32  Zergling x4  
  51  5:36  Zergling x4  
  51  5:38  Zergling x2  
  54  5:44  Zergling x6  
  54  5:46  Zergling x2  
  54  5:50  Drone x2  
  54  5:52  Drone  
  54  5:57  Zerg Flyer Weapons Level 1  
  56  6:10  Mutalisk  
  57  6:12  Mutalisk  
  52  6:26  Zergling x2  
  52  6:27  Zergling x10  
  58  6:36  Spine Crawler  
  58  6:37  Mutalisk, Spine Crawler x2  
  58  6:38  Mutalisk  
  59  6:50  Mutalisk  
  60  6:58  Extractor  
  59  7:03  Mutalisk  
  59  7:08  Zergling x2  
  58  7:11  Drone x3  
  58  7:14  Mutalisk  
  56  7:25  Zergling x2  
  56  7:26  Zergling x12  
  62  7:30  Drone  
  63  7:42  Mutalisk x2  
  67  7:50  Zergling x2  
  66  7:52  Mutalisk  
  68  7:59  Overlord x2  
  68  8:10  Zerg Flyer Weapons Level 2  
  65  8:19  Mutalisk x2  
  62  8:21  Zergling x2  
  62  8:22  Zergling x8  
  71  8:31  Mutalisk  
  71  8:38  Zergling x6  
  71  8:52  Drone x4  
  75  8:57  Zergling x2  
  75  8:58  Zergling x10  
  81  9:03  Evolution Chamber  
  81  9:08  Mutalisk x2  
  84  9:28  Overlord x2  
  80  9:45  Drone x2  
  81  9:59  Mutalisk x2  
  83  10:07  Mutalisk x5  
  86  10:16  Mutalisk  
  86  10:18  Zergling x6  
  88  10:25  Zergling x10  
  87  10:35  Mutalisk x2  
Show
View Real Time Build Order
Export as new Build Order

tresdglasses Zerg 

Build Orders: Hatch First, Zergling Baneling 

Get SALT Encoding   

  12  0:00  Drone  
  13  0:10  Drone  
  14  0:18  Overlord  
  14  0:25  Drone, Extractor  
  15  0:39  Drone x2  
  17  0:53  Hatchery  
  17  0:56  Drone  
  17  0:59  Drone  
  17  1:04  Extractor  
  17  1:16  Spawning Pool  
  17  1:18  Drone  
  17  1:21  Drone  
  18  1:28  Drone  
  19  1:40  Overlord  
  19  2:03  Queen  
  19  2:05  Queen  
  19  2:06  Metabolic Boost  
  23  2:08  Drone x2  
  23  2:09  Drone  
  26  2:17  Drone x2  
  28  2:25  Baneling Nest  
  28  2:28  Zergling x4  
  29  2:33  Zergling x2  
  30  2:40  Overlord  
  30  2:53  Zergling x2  
  30  2:54  Zergling x4  
  33  3:03  Drone  
  33  3:04  Drone  
  35  3:18  Zergling x14  
  42  3:27  Overlord  
  42  3:29  Zergling x2  
  43  3:42  Baneling x7  
  43  3:43  Baneling  
  43  3:53  Drone  
  43  3:54  Drone x8  
  46  4:21  Zergling x10  
  47  4:25  Lair  
  47  4:26  Extractor  
  47  4:27  Extractor  
  47  4:29  Hatchery  
  44  4:33  Baneling x2  
  44  4:35  Zergling x4  
  44  4:36  Zergling x8  
  50  4:48  Roach Warren  
  50  4:51  Overlord  
  50  4:52  Drone  
  50  4:53  Drone  
  51  5:02  Overlord x2  
  51  5:10  Overlord  
  51  5:18  Baneling  
  51  5:19  Baneling x6  
  51  5:24  Drone x5  
  51  5:27  Overseer  
  56  5:29  Glial Reconstitution  
  50  5:53  Drone x6  
  56  6:04  Roach x4  
  60  6:18  Roach x3  
  61  6:28  Drone x2  
  61  6:29  Baneling x2  
  60  6:34  Roach  
  60  6:35  Roach x4  
  60  6:36  Drone, Queen  
  60  6:37  Drone x2  
  75  6:40  Roach  
  75  6:44  Evolution Chamber  
  76  6:47  Roach  
  76  6:52  Overlord  
  78  6:58  Spore Crawler  
  78  6:59  Spore Crawler  
  75  7:06  Queen x2  
  79  7:11  Roach, Queen  
  79  7:12  Roach x2  
  73  7:21  Spore Crawler  
  70  7:33  Spore Crawler  
  70  7:34  Spore Crawler  
  70  7:35  Drone x3  
  71  7:37  Spore Crawler  
  68  7:52  Zergling x12  
  69  8:05  Drone x5  
  68  8:20  Extractor  
  68  8:21  Hydralisk Den  
  53  8:37  Drone x3, Queen  
  53  8:44  Drone x4  
  53  8:47  Spine Crawler  
  48  8:48  Drone  
  48  8:49  Drone x6  
  53  8:56  Queen  
  57  9:08  Hydralisk x3  
  61  9:20  Hydralisk  
  61  9:21  Hydralisk  
  63  9:31  Queen  
  61  9:41  Hydralisk x3  
  61  9:53  Hydralisk  
  61  9:54  Hydralisk x2  
  67  10:06  Hydralisk x6  
  67  10:09  Queen  
Tags
 
Add a new tag
Caveats
  • Supply blocks, unpowered buildings, or Contaminate may cause inaccurate times.
  • Supply counts are checked every 10 seconds.